 Dungeon Crawl Stone Soup version 0.29.1-15-g9cfb28693d (webtiles) character file.

Game seed: 4070161417208437416

55601 protoss039 the Fighter (level 14, -5/113 HPs)
             Began as a Demonspawn Earth Elementalist on Mar 3, 2023.
             Was an Elder of Vehumet.
             Slain by a death yak (14 damage)
             ... on level 5 of the Lair of Beasts on Mar 4, 2023.
             The game lasted 00:41:26 (25594 turns).

protoss039 the Fighter (DsEE)                      Turns: 25594, Time: 00:41:27

Health: -5/113     AC: 26    Str: 12    XL:     14   Next: 38%
Magic:  2/28       EV: 10    Int: 25    God:    Vehumet [****..]
Gold:   1031       SH: 11    Dex: 15    Spells: 18/33 levels left

rFire   x . .      SeeInvis .   v - +2 dagger (venom)
rCold   + . .      Faith    .   J - +0 kite shield
rNeg    + . .      Spirit   .   K - +0 acid dragon scales
rPois   +          Reflect  .   Y - +1 helmet of the Dice {Str+3 Slay+3 Stlth+}
rElec   .          Harm     .   t - +2 ratskin cloak {*Rats rPois rN+ Str-1 Int-1 Dex+1}
rCorr   +          Rampage  .   (no gloves)
Will    +....                   M - +2 pair of boots
Stlth   +++.......              B - amulet of the acrobat
HPRegen 0.28/turn               k - +6 ring of intelligence
MPRegen 0.21/turn               p - ring of ice

@: about to teleport, sanguine armoured
A: spiny 1, sanguine armour 2, weakness stinger 2
a: Renounce Religion


You were on level 5 of the Lair of Beasts.
You worshipped Vehumet.
Vehumet was greatly pleased with you.
You visited 3 branches of the dungeon, and saw 19 of its levels.

You collected 1217 gold pieces.
You spent 186 gold pieces at shops.

Inventory:

Hand Weapons
 v - a +2 dagger of venom (weapon)
 D - the +6 short sword of the Teaching King {freeze, rPois Dex+3}
   (You found it on level 6 of the Dungeon)

   It freezes those it strikes, dealing additional cold damage.
   It can also slow down cold-blooded creatures.
   Dex:       It affects your dexterity (+3).
   rPois:     It protects you from poison.
 Q - a +3 war axe of flaming
Missiles
 H - 4 throwing nets
 W - 2 silver javelins
Armour
 t - the +2 ratskin cloak (worn) {*Rats rPois rN+ Str-1 Int-1 Dex+1}
   (You found it on level 3 of the Dungeon)

   When the wearer is hurt, rats may emerge from it to assist them.
   Str:       It affects your strength (-1).
   Int:       It affects your intelligence (-1).
   Dex:       It affects your dexterity (+1).
   rPois:     It protects you from poison.
   rN:        It protects you from negative energy.
 J - a +0 kite shield (worn)
 K - +0 acid dragon scales (worn)
 M - a +2 pair of boots (worn)
 Y - the +1 helmet of the Dice (worn) {Str+3 Slay+3 Stlth+}
   (You acquired it on level 1 of the Lair of Beasts)

   Str:       It affects your strength (+3).
   Slay:      It affects your accuracy & damage with ranged weapons and melee
   (+3).
   Stlth:     It makes you more stealthy.
Jewellery
 c - a ring of see invisible
 i - a ring of willpower
 k - a +6 ring of intelligence (left hand)
 p - a ring of ice (right hand)
 B - an amulet of the acrobat (around neck)
 E - the ring of the First Prophets {+Blink rElec rPois rF+ Slay-5}
   (You found it on level 6 of the Dungeon)

   [ring of protection from fire]

   Slay:      It affects your accuracy & damage with ranged weapons and melee
   (-5).
   rF:        It protects you from fire.
   rElec:     It insulates you from electricity.
   rPois:     It protects you from poison.
   +Blink:    It lets you blink.
Wands
 e - a wand of flame (57)
 f - a wand of digging (6)
 u - a wand of paralysis (2)
 A - a wand of polymorph (15)
 X - a wand of roots (1)
Scrolls
 d - 2 scrolls of enchant armour
 g - 12 scrolls of teleportation
 h - 2 scrolls of butterflies
 j - a scroll of identify
 l - a scroll of poison {unknown}
 n - 2 scrolls of magic mapping
 w - 4 scrolls of silence
 x - 2 scrolls of fear
 y - a scroll of summoning
 z - 2 scrolls of brand weapon
 F - a scroll of blinking {unknown}
 G - a scroll of enchant weapon
 N - a scroll of torment {unknown}
 V - a scroll of acquirement
 Z - a scroll of amnesia {unknown}
Potions
 a - 4 potions of haste
 b - a potion of magic
 m - 7 potions of heal wounds
 o - 5 potions of lignification
 q - 11 potions of curing
 r - 3 potions of flight
 s - 2 potions of berserk rage
 C - a potion of cancellation {unknown}
 I - 3 potions of brilliance {unknown}
 L - 2 potions of resistance {unknown}
 P - 5 potions of mutation {unknown}
 S - 4 potions of invisibility {unknown}
 T - a potion of might {unknown}
 U - a potion of ambrosia {unknown}


   Skills:
 + Level 11.0 Fighting
 + Level 9.1 Armour
 - Level 1.7 Dodging
 - Level 1.7 Stealth
 + Level 9.3 Shields
 + Level 10.3 Spellcasting
 + Level 10.8 Conjurations
 - Level 0.8 Transmutations
 + Level 10.5 Earth Magic


You had 18 spell levels left.
You knew the following spells:

 Your Spells              Type           Power      Damage    Failure   Level
a - Sandblast             Erth           100%       2d20      1%          1
b - Passwall              Tmut/Erth      34%        N/A       2%          2
c - Stone Arrow           Conj/Erth      100%       3d13      1%          3
d - Lee's Rapid Deconstr  Erth           30%        3d17*     1%          5
e - Iskenderun's Mystic   Conj/Tloc      40%        2d9       4%          4

Your spell library contained the following spells:

 Spells                   Type           Power      Damage    Failure   Level
 Petrify                  Tmut/Erth      41%        N/A       14%         4
 Confusing Touch          Hex            12%        N/A       43%         3
 Ozocubu's Armour         Ice            19%        N/A       43%         3
 Portal Projectile        Hex/Tloc       24%        N/A       43%         3
 Yara's Violent Unravell  Hex/Tmut       7%         3d5       63%         5
 Anguish                  Hex/Necr       6%         N/A       83%         4
 Metabolic Englaciation   Hex/Ice        9%         N/A       99%         5
 Summon Mana Viper        Hex/Summ       12%        N/A       99%         5
 Simulacrum               Ice/Necr       9%         N/A       100%        6
 Enfeeble                 Hex            6%         N/A       100%        7


Dungeon Overview and Level Annotations

Branches:
Dungeon (13/15) Zot: 26529  Temple (1/1) D:6 Zot: 5989    Lair (5/5) D:11 Zot: 21622
 Spider (0/4) Lair:3        Slime (0/5) Lair:4          Orc (0/2) D:10
  Swamp: Lair:2-3    Shoals: Lair:2-3    Vaults: D:13-14

Altars:
Fedhas
Gozag
Hepliaklqana
Kikubaaqudgha
Makhleb
Nemelex Xobeh
Okawaru
Qazlal
Sif Muna
Uskayaw
Vehumet
Wu Jian
Jiyva

Shops:
D:1 :**[(   D:2 ![   D:9 *   D:11 (

Annotations:
D:3 exclusion: ogre
D:8 1 runed translucent door, enotiy's ghost, novice GrFi
D:10 3 runed translucent doors, Galthrax's ghost, novice KoHu
D:13 Frances
Lair:1 1 runed translucent door, Hadoje's ghost, journeyman DsGl
Lair:4 1 runed translucent door
Lair:5 1 runed translucent door


Innate Abilities, Weirdness & Mutations

You are partially covered in sharp spines.
When seriously injured, your blood forms thick armour. (AC +9)
You have a tail ending in a sharp stinger.


Message History

Casting: Lee's Rapid Deconstruction (dangerous; 1% risk of failure)
Confirm with . or Enter, or press ? or * to list all spells.
Aiming: Lee's Rapid Deconstruction (dangerous; 1% risk of failure)
Press: ? - help, Dir - move target A rock wall.
The wall shatters!
The blast of rock fragments hits the death yak.
The death yak is heavily wounded.
The blast of rock fragments hits the death yak but does no damage.
The death yak is moderately wounded.
The blast of rock fragments hits the death yak!
The death yak is almost dead.
Unknown command.
Unknown command.
Unknown command.
Casting: Lee's Rapid Deconstruction (dangerous; 1% risk of failure)
Confirm with . or Enter, or press ? or * to list all spells.
Aiming: Stone Arrow (safe; 1% risk of failure)
Press: ? - help, Shift-Dir - straight line The stone arrow hits the death yak!!
The death yak is severely wounded.
Unknown command.
Unknown command.
Casting: Stone Arrow (safe; 1% risk of failure)
Confirm with . or Enter, or press ? or * to list all spells.
Aiming: Sandblast (safe; 1% risk of failure)
Press: ? - help, Shift-Dir - straight line The blast of sand hits the death yak but does no damage.
The death yak is severely wounded.
The death yak gores you.
* * * LOW HITPOINT WARNING * * *
Unknown command.
Unknown command.
Unknown command.
As you read the scroll of teleportation, it crumbles to dust.
You feel strangely unstable. The death yak gores you!
* * * LOW HITPOINT WARNING * * *
A river rat scurries out from under your cloak.
The death yak attacks as you move away! The death yak gores you!
You die...

###### # #..#.# ####
# #....###..######
## #........#..#P.#
.## #........r.....#
..##
#......@.......#
..⌠#
#....###Y#.#...#
.P## #..P##
##Y##...# .#+#
#...## ###Y#...#
###$$
#....###.#Y....#
$.D#
#.....##.......#
$$$#
#..............# #
$$###........Y#.#..#
##
$###...............#


You could see 4 death yaks and a friendly river rat.

Vanquished Creatures
  Nessos (Lair:3)
  A minotaur (Lair:1)
  Josephine (D:10)
  4 boulder beetles
  An ice dragon (Lair:5)
  3 hydras
  Erica (D:9)
  3 two-headed ogres
  3 death yaks
  3 slime creatures (D:12)
  An orb spider (Lair:3)
  2 lindwurms (Lair:5)
  A deep elf pyromancer (D:13)
  A cyclops (D:12)
  2 manticores
  Maurice (D:9)
  13 elephants
  2 black mambas
  4 torpor snails
  7 cane toads
  Maggie (D:10)
  2 unseen horrors
  7 komodo dragons
  4 kobold demonologists
  2 ice devils (Lair:2)
  2 polar bears (Lair:2)
  3 trolls
  3 tyrant leeches (Lair:5)
  9 hornets
  23 blink frogs
  Prince Ribbit (Lair:3)
  A shadow (D:11)
  A spriggan (Lair:1)
  2 vampires (D:10)
  5 wraiths
  34 yaks
  6 wyverns
  6 basilisks
  2 vampire mosquitoes (D:11)
  4 acid dragons
  6 water moccasins
  7 orc warriors
  A sky beast (D:8)
  An ice beast (D:6)
  3 black bears
  5 wolves
  2 centaurs
  8 bullfrogs
  4 scorpions
  A necrophage (D:5)
  6 wights
  6 killer bees (D:10)
  5 howler monkeys
  3 electric eels
  2 jellies
  2 hounds (D:4)
  3 gnoll boudas
  9 orc priests
  3 iguanas
  17 orc wizards
  Natasha (thrice) (D:4)
  Robin (D:4)
  13 adders
  3 gnolls (D:6)
  2 shadow imps
  4 white imps
  An ufetubus (D:4)
  A worm (D:2)
  5 dart slugs
  44 orcs
  10 endoplasms
  A giant cockroach (D:1)
  20 goblins
  9 hobgoblins
  5 jackals
  3 quokkas
  8 ball pythons
  5 bats
  3 frilled lizards
  18 kobolds
  6 rats
432 creatures vanquished.

Vanquished Creatures (collateral kills)
  4 death yaks (Lair:3)
  6 elephants
  A cane toad (Lair:2)
  2 torpor snails (Lair:5)
  8 yaks
  A bullfrog (D:7)
  A kobold brigand (D:10)
  An orc priest (D:6)
  Ijyb (D:3)
  2 gnolls (D:6)
  A shadow imp (D:8)
  2 orcs (D:7)
  A hobgoblin (D:4)
  4 goblins (D:4)
  A kobold (D:10)
36 creatures vanquished.

Vanquished Creatures (others)
  An orc priest (D:8)
  24 fungi
  60 plants
85 creatures vanquished.

Grand Total: 553 creatures vanquished

Notes
Turn   | Place    | Note
-------+----------+-------------------------------------------
     0 | D:1      | protoss039 the Demonspawn Earth Elementalist began the
                  | quest for the Orb.
     0 | D:1      | Reached XP level 1. HP: 13/13 MP: 3/3
    29 | D:1      | Found Leacho's Antique Weapon Shop.
    31 | D:1      | Found Enedabb's Antique Armour Emporium.
   205 | D:1      | Gained mutation: You have a small tail. [demonic ancestry]
   205 | D:1      | Reached XP level 2. HP: 20/20 MP: 0/5
   464 | D:1      | Found Evvy's General Store.
   466 | D:1      | Reached skill level 1 in Fighting
   467 | D:1      | Found Oboi's General Store.
  1027 | D:1      | Found Oluhitog's Book Shoppe.
  1321 | D:1      | Found a faded altar of an unknown god.
  1387 | D:1      | Reached XP level 3. HP: 26/26 MP: 4/6
  1509 | D:1      | Learned a level 2 spell: Passwall
  1529 | D:2      | Learned a level 3 spell: Stone Arrow
  1889 | D:2      | Found Diagergh's Distillery.
  1937 | D:2      | Reached XP level 4. HP: 33/33 MP: 6/8
  2000 | D:2      | Reached skill level 1 in Conjurations
  2158 | D:2      | Found a burning altar of Makhleb.
  2212 | D:2      | Found Byqousk's Antique Armour Emporium.
  2499 | D:3      | Reached skill level 2 in Fighting
  2517 | D:3      | Got Vauceoff's Teachings on Interference
  2751 | D:3      | Found the +2 ratskin cloak {*Rats rPois rN+ Str-1 Int-1
                  | Dex+1}
  2839 | D:3      | Noticed an ogre
  3169 | D:3      | Reached XP level 5. HP: 38/38 MP: 6/9
  3505 | D:3      | Noticed Ijyb
  3512 | D:3      | Killed Ijyb
  4417 | D:4      | Noticed Robin
  4439 | D:4      | Killed Robin
  4440 | D:4      | Gained mutation: You are partially covered in sharp spines.
                  | [demonic ancestry]
  4440 | D:4      | Reached XP level 6. HP: 42/46 MP: 11/11
  4486 | D:4      | Reached skill level 3 in Fighting
  4596 | D:4      | Identified the +0 ring mail of Kokh {Harm Str+5 Dex-3
                  | Slay+2 Stlth-}
  4718 | D:4      | Noticed Natasha
  4724 | D:4      | Killed Natasha
  5044 | D:4      | Noticed Natasha
  5062 | D:4      | Killed Natasha
  5101 | D:4      | Noticed Natasha
  5105 | D:4      | Killed Natasha
  5262 | D:5      | Entered Level 5 of the Dungeon
  5396 | D:5      | Reached XP level 7. HP: 48/52 MP: 9/13
  5534 | D:5      | Found a shimmering blue altar of Sif Muna.
  6286 | D:5      | Found an iron altar of Okawaru.
  6322 | D:6      | Found a staircase to the Ecumenical Temple.
  6334 | Temple   | Entered the Ecumenical Temple
  6339 | Temple   | Became a worshipper of Vehumet
  6511 | D:6      | Identified the +6 short sword of the Teaching King {freeze,
                  | rPois Dex+3}
  6518 | D:6      | Reached skill level 4 in Fighting
  6527 | D:6      | Reached skill level 5 in Earth Magic
  6527 | D:6      | Gained mutation: When seriously injured, your blood forms
                  | armour. (AC +9) [demonic ancestry]
  6527 | D:6      | Reached XP level 8. HP: 51/61 MP: 5/14
  6735 | D:6      | Identified the ring of the First Prophets {+Blink rElec
                  | rPois rF+ Slay-5}
  7128 | D:6      | Reached skill level 5 in Spellcasting
  7684 | D:7      | Reached * piety under Vehumet
  7684 | D:7      | Offered knowledge of Shock by Vehumet.
  7685 | D:7      | Reached skill level 5 in Fighting
  7807 | D:7      | Noticed a manticore
  7820 | D:7      | Killed a manticore
  7821 | D:7      | Reached skill level 5 in Conjurations
  8404 | D:7      | Gained mutation: When seriously injured, your blood forms
                  | thick armour. (AC +9) [demonic ancestry]
  8404 | D:7      | Reached XP level 9. HP: 68/68 MP: 11/17
  8578 | D:7      | You fall into a shaft and drop 3 floors!
  8578 | D:10     | Entered Level 10 of the Dungeon
  8734 | D:8      | Found a runed translucent door.
  8734 | D:8      | Noticed enotiy's ghost (novice GrFi)
  9316 | D:8      | Found a hazy altar of Hepliaklqana.
  9351 | D:8      | Offered knowledge of Magic Dart by Vehumet.
  9352 | D:8      | Reached ** piety under Vehumet
  9353 | D:8      | Reached skill level 6 in Fighting
  9819 | D:8      | Gained mutation: You have a tail ending in a sharp stinger.
                  | [demonic ancestry]
  9819 | D:8      | Reached XP level 10. HP: 76/76 MP: 16/19
 10322 | D:9      | Noticed Maurice
 10324 | D:9      | Found Haodeeco's General Store.
 10345 | D:9      | Killed Maurice
 10456 | D:9      | Noticed Erica
 10461 | D:9      | Reached skill level 5 in Shields
 10477 | D:9      | Killed Erica
 10478 | D:9      | Reached skill level 5 in Armour
 10643 | D:9      | Bought 2 potions of curing for 84 gold pieces
 11666 | D:10     | Noticed Josephine
 11678 | D:10     | Killed Josephine
 11683 | D:10     | Offered knowledge of Scorch by Vehumet.
 11684 | D:10     | Reached XP level 11. HP: 55/83 MP: 5/21
 11732 | D:10     | Reached skill level 7 in Fighting
 12021 | D:10     | Found a runed translucent gate.
 12022 | D:10     | Found a runed translucent gate.
 12022 | D:10     | Found a runed translucent gate.
 12023 | D:10     | Noticed Galthrax's ghost (novice KoHu)
 12039 | D:10     | Reached *** piety under Vehumet
 12183 | D:10     | Noticed an 11-headed hydra
 12197 | D:10     | Noticed Maggie
 12202 | D:10     | Killed Maggie
 12751 | D:10     | Offered knowledge of Flame Wave by Vehumet.
 12896 | D:10     | Found a staircase to the Orcish Mines.
 12976 | D:10     | Noticed a two-headed ogre
 12980 | D:10     | Killed a two-headed ogre
 13183 | D:10     | Noticed a two-headed ogre
 13187 | D:10     | Killed a two-headed ogre
 13463 | D:11     | Found a staircase to the Lair.
 13466 | D:11     | Reached **** piety under Vehumet
 14039 | D:11     | Reached skill level 8 in Fighting
 14111 | D:11     | Found Joiseona's Weapon Boutique.
 14114 | D:11     | Bought 2 throwing nets for 102 gold pieces
 14142 | D:11     | Noticed a boulder beetle
 14157 | D:11     | Killed a boulder beetle
 14309 | D:11     | Noticed a two-headed ogre
 14317 | D:11     | Killed a two-headed ogre
 14317 | D:11     | Offered knowledge of Lee's Rapid Deconstruction by Vehumet.
 14318 | D:11     | Reached XP level 12. HP: 37/92 MP: 17/23
 15255 | D:11     | Learned a level 5 spell: Lee's Rapid Deconstruction
 15269 | D:12     | Noticed a boulder beetle
 15286 | D:12     | Killed a boulder beetle
 15984 | D:12     | Found an opulent altar of Gozag.
 17173 | D:13     | Noticed Frances
 17260 | D:13     | Noticed a boulder beetle
 17276 | D:13     | Killed a boulder beetle
 17327 | Lair:1   | Entered Level 1 of the Lair of Beasts
 17915 | Lair:1   | Reached skill level 9 in Fighting
 17963 | Lair:1   | Noticed an eight-headed hydra
 17969 | Lair:1   | Killed an eight-headed hydra
 18286 | Lair:1   | Found a runed translucent door.
 18288 | Lair:1   | Noticed Hadoje's ghost (journeyman DsGl)
 18484 | Lair:1   | Found a runed translucent door.
 18709 | Lair:1   | Noticed a minotaur
 18720 | Lair:1   | Killed a minotaur
 19176 | Lair:1   | Identified 2 scrolls of acquirement
 19177 | Lair:1   | Acquired the +1 helmet of the Dice {Str+3 Slay+3 Stlth+}
 19233 | Lair:2   | Noticed a six-headed hydra
 19241 | Lair:2   | Killed a six-headed hydra
 19352 | Lair:2   | Noticed a boulder beetle
 19372 | Lair:2   | Killed a boulder beetle
 19373 | Lair:2   | Reached XP level 13. HP: 41/101 MP: 25/25
 20302 | Lair:2   | You fall into a shaft and drop 2 floors!
 20618 | Lair:4   | Reached ***** piety under Vehumet
 20759 | Lair:4   | Found a runed translucent door.
 20760 | Lair:4   | Found a viscous altar of Jiyva.
 20793 | Lair:4   | Found a staircase to the Slime Pits.
 21166 | Lair:4   | Offered knowledge of Iskenderun's Mystic Blast by Vehumet.
 21644 | Lair:3   | Reached skill level 10 in Fighting
 21914 | Lair:3   | Noticed Prince Ribbit
 21917 | Lair:3   | Killed Prince Ribbit
 21922 | Lair:3   | Reached skill level 10 in Conjurations
 22475 | Lair:3   | Reached skill level 10 in Earth Magic
 23134 | Lair:3   | Reached XP level 14. HP: 66/111 MP: 8/27
 23139 | Lair:3   | Identified the +7 dagger "Emiur" {flame, rN+++ Str-3 Int+2}
 23339 | Lair:3   | Noticed Nessos
 23348 | Lair:3   | Found a hole to the Spider Nest.
 23406 | Lair:3   | Killed Nessos
 23407 | Lair:3   | Reached skill level 10 in Spellcasting
 23729 | Lair:3   | Learned a level 4 spell: Iskenderun's Mystic Blast
 23753 | Lair:5   | Entered Level 5 of the Lair of Beasts
 24419 | Lair:5   | Identified the +0 plate armour "Riryenoej" {Dex+3 SInv}
 24425 | Lair:5   | Found a runed translucent door.
 25590 | Lair:5   | Reached skill level 11 in Fighting
 25594 | Lair:5   | Slain by a death yak

Illustrated notes

Levels and vault maps discovered:
D:1:      ebering_trefoil_3fold, layout_basic,
          dreamdust_ecumenical_altar_hidden_monk_grotto, serial_shops,
          nicolae_shop_stone, nicolae_lakefront_shop,
          nicolae_shop_temple_entry_statues_fountains, shop, shop, hex_medium
D:2:      layout_rooms, basic_altar, serial_shops, shop, shop_statue,
          minmay_misc_feat_room
D:3:      minmay_skewed_foursquare, layout_loops_corners, feat_on_display,
          uniq_ijyb
D:4:      minmay_opposing_rooms, layout_loops_ring, uniq_natasha, uniq_robin
D:5:      layout_basic, mainiacjoe_overflow_big_doors,
          minmay_misc_feat_more_columns
D:6:      layout_layer_cave, minmay_temple_entry_mini_moons, grunt_ministairs_14
D:7:      layout_loops_cross
D:8:      layout_gridville, mainiacjoe_overflow_concentric_impassable,
          hellmonk_ghost_happy_afterlife, minmay_circle_x
D:9:      layout_roguey, serial_shops, nicolae_lakefront_shop, uniq_erica,
          uniq_maurice
D:10:     layout_basic, david_orc_4, gammafunk_ghost_hydra_chop,
          minmay_joined_circles, uniq_maggie, uniq_josephine
D:11:     layout_big_octagon, david_lair_generic, serial_co_window_serial,
          co_window_corner_a, co_window_corner_a, co_window_paths_b,
          co_window_paths_a, co_window_corner_a, co_window_2corner,
          co_window_broadway_b, co_window_corner_cb, co_window_paths_c,
          co_window_cross_2, glass_columns_a, glass_columns_b, serial_shops,
          kennysheep_mini
D:12:     layout_loops_ring, nicolae_gozag_seed_capital
D:13:     layout_stronghold, nicolae_shop_firing_range, uniq_frances,
          uniq_erolcha
Temple:   compressed_dpeg_triangle_lava_temple
Lair:1:   dreamdust_labyrinth, layout_cave_shapes,
          ebering_ghost_reflecting_pool, infiniplex_staircase_pool
Lair:2:   layout_hall_layers, nicolae_swamp_entry_splash_gauntlet,
          portal_ice_cave_demonic_guard, st_stairs_3,
          grunt_forest_stairs_clearing
Lair:3:   beast_lair_carwin_large_2, layout_long_grid,
          nicolae_spider_entry_orb_guardian, uniq_nessos, uniq_prince_ribbit2
Lair:4:   layout_gridlike, slime_entry_2, serial_bayou_shore_b,
          serial_bayou_shore_a, serial_bayou_shore_b
Lair:5:   guppyfry_lair_end_dragon, layout_layer_cave, wormcave,
          bobbens_ice_dragon_lair

Skill      XL: |  1  2  3  4  5  6  7  8  9 10 11 12 13 14 |
---------------+-------------------------------------------+-----
Fighting       | 1 2 3 4 5 6 8 9 10 11 | 11.0
Earth Magic    | 3 4 5 6 7 8 9 10 | 10.5
Conjurations   | 1 2 3 4 5 6 7 9 10 | 10.8
Spellcasting   | 3 4 5 6 7 8 9 10 | 10.3
Armour         | 2 4 6 7 8 9 |  9.1
Shields        | 2 4 6 8 9 |  9.3
Dodging        | |  1.7
Stealth        | |  1.7
Transmutations | |  0.8

Action                   |  1- 3 |  4- 6 |  7- 9 | 10-12 | 13-15 || total
-------------------------+-------+-------+-------+-------+-------++-------
Melee: Dagger            |    17 |    71 |   108 |   170 |   138 ||   504
       Tailslap          |     2 |     9 |    20 |    40 |    34 ||   105
       Long sword        |    13 |     7 |       |       |       ||    20
       Punch             |       |     2 |     1 |       |       ||     3
       Scimitar          |       |       |       |     2 |       ||     2
 Cast: Sandblast         |    51 |    66 |    48 |    86 |    67 ||   318
       Stone Arrow       |       |       |    34 |   198 |   196 ||   428
       Passwall          |       |       |     2 |     1 |     2 ||     5
       Lee's Rapid Decon |       |       |       |       |     4 ||     4
       Iskenderun's Myst |       |       |       |       |     1 ||     1
Evoke: Wand              |       |       |     3 |     8 |     8 ||    19
  Use: Scroll            |       |     1 |     7 |    13 |     6 ||    27
       Potion            |       |       |       |     1 |       ||     1
 Stab: Sleeping          |       |     4 |     1 |       |       ||     5
       Invisible         |       |       |       |     1 |     1 ||     2
       Distracted        |       |       |       |       |     1 ||     1
Armor: Robe              |    20 |    15 |       |    37 |       ||    72
       Leather armour    |       |    32 |    78 |     7 |       ||   117
       Acid dragon scale |       |       |       |    86 |   250 ||   336
       Steam dragon scal |       |       |       |    11 |       ||    11
Dodge: Dodged            |    41 |    69 |    82 |   154 |   180 ||   526
Block: Kite shield       |       |       |    34 |   192 |   276 ||   502
